 Dungeon Crawl Stone Soup version 0.29.1-1-gd02db6906a (webtiles) character file.

Game seed: 7439482864850009897

463 Metae the Shield-Bearer (level 6, -2/56 HPs)
             Began as a Minotaur Fighter on Sept 26, 2022.
             Was an Initiate of Makhleb.
             Slain by an ogre
             ... wielding a +0 giant club
              (22 damage)
             ... on level 4 of the Dungeon.
             The game lasted 00:13:53 (4414 turns).

Metae the Shield-Bearer (Minotaur Fighter)          Turns: 4414, Time: 00:13:54

Health: -2/56      AC:  9    Str: 23    XL:     6   Next: 79%
Magic:  6/6        EV:  7    Int:  5    God:    Makhleb [......]
Gold:   180        SH:  5    Dex:  9    Spells: 5/5 levels left

rFire   . . .      SeeInvis +   a - +0 trident
rCold   . . .      Faith    .   c - +0 buckler
rNeg    . . .      Spirit   .   r - +0 chain mail
rPois   .          Reflect  .   (helmet restricted)
rElec   .          Harm     .   (no cloak)
rCorr   .          Rampage  .   (no gloves)
Will    +....                   (no boots)
Stlth   ..........              A - amulet of the acrobat
HPRegen 0.18/turn               g - ring of see invisible
MPRegen 0.10/turn               D - ring of willpower

@: no status effects
A: horns 2, retaliatory headbutt
a: Renounce Religion


You were on level 4 of the Dungeon.
You worshipped Makhleb.
Makhleb was noncommittal.
You visited 1 branch of the dungeon, and saw 4 of its levels.

You collected 180 gold pieces.

Inventory:

Hand Weapons
 a - a +0 trident (weapon)
 B - a +0 sling
Missiles
 i - 14 boomerangs (quivered)
 k - 59 stones
Armour
 c - a +0 buckler (worn)
 r - a +0 chain mail (worn)
 C - an orb of light
Jewellery
 g - a ring of see invisible (left hand)
 s - a ring of fire
 A - an amulet of the acrobat (around neck)
 D - a ring of willpower (right hand)
Wands
 v - a wand of polymorph (11)
Scrolls
 b - a scroll of summoning {unknown}
 e - a scroll of vulnerability {unknown}
 f - 2 scrolls of enchant armour {unknown}
 j - 2 scrolls of teleportation {unknown}
 l - 3 scrolls of magic mapping {unknown}
 n - 2 scrolls of butterflies {unknown}
 o - a scroll of poison {unknown}
 q - a scroll of acquirement {unknown}
 t - 5 scrolls of identify {unknown}
 u - a scroll of enchant weapon {unknown}
 x - a scroll of immolation {unknown}
 y - a scroll of blinking {unknown}
 z - a scroll of fear {unknown}
Potions
 d - 4 potions of might
 h - 2 potions of degeneration {unknown}
 m - a potion of berserk rage {unknown}
 p - a potion of lignification {unknown}
 w - a potion of mutation {unknown}


   Skills:
 + Level 5.4 Fighting
 + Level 4.7 Polearms
 + Level 5.3 Armour
 + Level 5.4 Shields
 + Level 1.9 Invocations


You had 5 spell levels left.
You didn't know any spells.
Your spell library contained the following spells:

 Spells                   Type           Power      Damage    Failure   Level
 Magic Dart               Conj           0%         1d3       99%         1
 Call Imp                 Summ           0%         N/A       100%        2
 Gell's Gravitas          Tloc           0%         N/A       100%        3
 Lesser Beckoning         Tloc           0%         N/A       100%        3
 Mephitic Cloud           Conj/Pois/Air  0%         N/A       100%        3
 Teleport Other           Tloc           0%         N/A       100%        3
 Blade Hands              Tmut           0%         N/A       100%        5
 Irradiate                Conj/Tmut      0%         3d11      100%        5
 Dragon Form              Tmut           0%         N/A       100%        7


Dungeon Overview and Level Annotations

Branches:
Dungeon (4/15)
 Temple: D:4-7

Altars:
Dithmenos
Fedhas
Makhleb
Okawaru
Uskayaw

Shops:
D:3 [

Annotations:
D:3 3 runed translucent doors, sokafootball's ghost, novice DrFE


Innate Abilities, Weirdness & Mutations

You have a pair of horns on your head.
You reflexively headbutt those who attack you in melee.


Message History

Duvessa hits you with a +0 short sword. Duvessa hits you with a +0 short sword!
* * * LOW HITPOINT WARNING * * *
You hit Duvessa.
Duvessa is almost dead.
You block Duvessa's attack. Duvessa closely misses you.
You furiously retaliate!
You headbutt Duvessa. You closely miss Duvessa.
Duvessa is almost dead.
Duvessa hits you but does no damage.
You puncture Duvessa!
You kill Duvessa!
Makhleb accepts your kill.
You start resting.
HP restored.
D - a ring of willpower;
d - 4 potions of might (gained 2)
Things that are here:
a +0 short sword; a +1 leather armour of poison resistance; the elf skeleton of Duvessa You drop a +0 scale mail.
You remove your ring of fire.
D - a ring of willpower (right hand)
t - 5 scrolls labelled PECIMM CEAMUGA (gained 1) Why would you want to do that?
b - a scroll labelled MIFEDAYNOTT
There is a stone staircase leading up here.
There is a stone staircase leading up here.
There is a stone staircase leading down here.
An ogre comes into view. It is wielding a +0 giant club.
You puncture the ogre! You headbutt the ogre!
The ogre is heavily wounded.
The ogre hits you with a +0 giant club!
You hit the ogre.
The ogre is severely wounded.
The ogre hits you with a +0 giant club!!
You closely miss the ogre.
The ogre is severely wounded.
You hit the ogre.
You headbutt the ogre, but do no damage.
The ogre is severely wounded.
The ogre hits you with a +0 giant club!!
You die...

≈≈≈...#..>...# _≈≈..#.#####.#
.≈≈.##.# #.# ### #### .≈≈.##.#
#.# #.. #... .≈≈.##.# #.# #.#
#..# ..≈..#.# #.# #.# ##..#
8.≈....### #.# #.# #...#
....##...# #.# #O# #####
.#.#####.###.###@# .. <#.#
#...........# #.
.#.###.#.###.##..# #.#.# ### #
.#.........<.##.## #.#.# ..# #
.............##.#####.#.#####.#
# .............##.......... ...#
# ##..##.#.#.........
#..#####.###
#..##.#.#..###..##.##...........
#..##.#.#÷[..................###


You could see an ogre.

Vanquished Creatures
  A water moccasin (D:4)
  Duvessa (D:4)
  Dowan (D:4)
  A hound (D:4)
  An orc wizard (D:3)
  Terence (D:2)
  4 adders
  2 worms (D:2)
  2 dart slugs
  4 orcs (D:3)
  10 endoplasms
  3 giant cockroaches
  4 goblins
  8 hobgoblins
  7 kobolds
  5 quokkas
  8 ball pythons
  7 bats
  8 frilled lizards
  4 rats
82 creatures vanquished.

Vanquished Creatures (others)
  7 toadstools (D:4)
7 creatures vanquished.

Grand Total: 89 creatures vanquished

Notes
Turn   | Place    | Note
-------+----------+-------------------------------------------
     0 | D:1      | Metae the Minotaur Fighter began the quest for the Orb.
     0 | D:1      | Reached XP level 1. HP: 19/19 MP: 0/0
   340 | D:1      | Reached XP level 2. HP: 26/27 MP: 1/1
   821 | D:1      | Reached XP level 3. HP: 31/33 MP: 2/2
  1389 | D:2      | Noticed Terence
  1403 | D:2      | Killed Terence
  1404 | D:2      | Reached XP level 4. HP: 16/41 MP: 3/3
  1964 | D:3      | Found Gupnaeje's Antique Armour Boutique.
  2496 | D:3      | Found a large runed translucent door.
  2496 | D:3      | Found a large runed translucent door.
  2553 | D:3      | Found a faded altar of an unknown god.
  2609 | D:3      | Found a burning altar of Makhleb.
  2616 | D:3      | Became a worshipper of Makhleb the Destroyer
  2765 | D:3      | Found a runed translucent gate.
  2767 | D:3      | Found a runed translucent gate.
  2767 | D:3      | Noticed sokafootball's ghost (novice DrFE)
  2768 | D:3      | Found a runed translucent gate.
  2770 | D:3      | Identified the +1 chain mail of Citaheo {Int+8 Slay-4}
  2941 | D:3      | Found a blossoming altar of Fedhas.
  2951 | D:3      | Found an iron altar of Okawaru.
  3143 | D:3      | Reached XP level 5. HP: 23/47 MP: 4/4
  3389 | D:4      | Noticed a water moccasin
  3408 | D:4      | Killed a water moccasin
  3409 | D:4      | Reached skill level 5 in Fighting
  3409 | D:4      | Reached skill level 5 in Armour
  3409 | D:4      | Reached skill level 5 in Shields
  3409 | D:4      | Reached skill level 1 in Invocations
  3409 | D:4      | Reached XP level 6. HP: 31/56 MP: 5/5
  3709 | D:4      | Found a hide-covered altar of Uskayaw.
  3734 | D:4      | Noticed Duvessa
  3734 | D:4      | Noticed Dowan
  4026 | D:4      | Found a shadowy altar of Dithmenos.
  4091 | D:4      | Killed Dowan
  4107 | D:4      | Killed Duvessa
  4414 | D:4      | Slain by an ogre

Illustrated notes

Levels and vault maps discovered:
D:1:      co_arrival_random_square_maze, layout_basic, nrook_loot_triangle
D:2:      layout_loops_ring, uniq_terence
D:3:      layout_loops_corners, jmf_multi_god_temple2, lemuel_round_altar,
          biasface_ghost_orc_armoury, serial_shops, shop,
          ebering_ecumenical_altar_sacrificial, minmay_stone_trees_medium
D:4:      cheibrodos_fertilizer, layout_loops_ring, mainiacjoe_overflow_catwalk,
          grunt_dithmenos_smoke, chequers_serial_rivers_micro_b,
          serial_bayou_pond_d, uniq_duvessa

Skill      XL: |  1  2  3  4  5 |
---------------+----------------+-----
Shields        | 4 5 |  5.4
Armour         | 4 5 |  5.3
Fighting       | 4 5 |  5.4
Polearms       | 3 4 |  4.7
Invocations    | 1 |  1.9

Action                   |  1- 3 |  4- 6 || total
-------------------------+-------+-------++-------
Melee: Trident           |   117 |   134 ||   251
       Headbutt          |     8 |    18 ||    26
Throw: Boomerang         |       |     8 ||     8
Armor: Scale mail        |    38 |     4 ||    42
       Chain mail        |       |    73 ||    73
Dodge: Dodged            |    36 |    52 ||    88
Block: Buckler           |    24 |    25 ||    49
